 Dungeon Crawl Stone Soup version 0.29-a0-541-gaf1fc19f1b (webtiles) character file.

Game seed: 14278668564544254978

1062 kevlar127 the Ruffian (level 8, -5/121 HPs)
             Began as a Troll Berserker on June 2, 2022.
             Was a Believer of Trog.
             Slain by a gnoll
             ... wielding a +0 spear
              (7 damage)
             ... on level 5 of the Dungeon.
             The game lasted 00:13:53 (4464 turns).

kevlar127 the Ruffian (Troll Berserker)             Turns: 4464, Time: 00:13:53

Health: -5/121     AC:  4    Str: 28    XL:     8   Next: 6%
Magic:  7/7        EV: 10    Int:  3    God:    Trog [**....]
Gold:   222        SH:  0    Dex:  7    Spells: 7/7 levels left

rFire   . . .      SeeInvis .     - Unarmed
rCold   . . .      Faith    .   (no shield)
rNeg    + . .      Spirit   .   a - +0 animal skin
rPois   .          Reflect  .   (helmet restricted)
rElec   +          Harm     .   (no cloak)
rCorr   .          Rampage  .   (gloves unavailable)
Will    .....                   (boots unavailable)
Stlth   ..........              (no amulet)
HPRegen 1.10/turn               y - ring "Taunoace" {rElec rN+ Dex-2 Slay+3 Stlth+}
MPRegen 0.10/turn               (no ring)

@: berserking (expiring), very quick
A: large, unfitting armour, claws 3, regeneration 1, shaggy fur 1, tough skin 1
a: Renounce Religion, Berserk, Trog's Hand


You were on level 5 of the Dungeon.
You worshipped Trog.
Trog was pleased with you.
You visited 1 branch of the dungeon, and saw 5 of its levels.
You also visited: Sewer.

You collected 222 gold pieces.

Inventory:

Missiles
 c - 167 stones (quivered)
 d - 2 boomerangs
 h - 27 poisoned darts
 p - 2 atropa-tipped darts
 w - 3 throwing nets
Armour
 a - a +0 animal skin (worn)
Jewellery
 y - the ring "Taunoace" (left claw) {rElec rN+ Dex-2 Slay+3 Stlth+}
   (You found it on level 4 of the Dungeon)

   [ring of positive energy]

   Dex:       It affects your dexterity (-2).
   Slay:      It affects your accuracy & damage with ranged weapons and melee
   (+3).
   rElec:     It insulates you from electricity.
   rN:        It protects you from negative energy.
   Stlth:     It makes you more stealthy.
Wands
 o - a wand of iceblast (16)
 v - a wand of flame (23)
 B - a wand of acid (4)
Scrolls
 b - a scroll of amnesia {unknown}
 e - 6 scrolls of identify {unknown}
 f - 3 scrolls of teleportation {unknown}
 g - a scroll of magic mapping {unknown}
 k - 3 scrolls of fog {unknown}
 l - a scroll of fear {unknown}
 q - a scroll of enchant armour {unknown}
 s - 2 scrolls of enchant weapon {unknown}
 t - a scroll of summoning {unknown}
 x - a scroll of poison {unknown}
Potions
 i - 2 potions of brilliance {unknown}
 j - a potion of resistance {unknown}
 m - 2 potions of magic {unknown}
 n - a potion of lignification {unknown}
 r - 6 potions of mutation {unknown}
 u - 3 potions of curing {unknown}
 z - a potion of heal wounds {unknown}
 A - a potion of might {unknown}


   Skills:
 * Level 5.4 Fighting
 + Level 2.9 Throwing
 - Level 3.0 Dodging
 * Level 6.5 Unarmed Combat
 + Level 1.1 Evocations


You had 7 spell levels left.
You didn't know any spells.
Your spell library was empty.

Dungeon Overview and Level Annotations

Branches:
Dungeon (5/15)              Sewer (visited)
 Temple: D:4-7

Altars:
Ashenzari
Ru
Wu Jian
Zin


Innate Abilities, Weirdness & Mutations

You are too large for most types of armour.
You have claws for hands.
Your natural rate of healing is unusually fast.
You are covered in fur. (AC +1)
You have tough skin. (AC +1)


Message History

The gargoyle is severely damaged.
Unknown command.
You scratch the gargoyle but do no damage.
The gargoyle is severely damaged.
The gargoyle hits you with a +0 mace!!
* * * LOW HITPOINT WARNING * * *
You claw the gargoyle!
You destroy the gargoyle!
Trog accepts your kill.
Your Evocations skill increases to level 1!
You have reached level 8!
You claw the adder!
The adder is almost dead.
Your skin stops crawling.
You feel less strong-willed. The adder misses you.
You claw the adder!
You kill the adder!
Trog accepts your kill.
You barely miss the adder. The adder barely misses you.
You claw the adder!
The adder is almost dead.
The gnoll sergeant hits you from afar with a +2 spear of freezing.
* * * LOW HITPOINT WARNING * * *
The gnoll sergeant freezes you.
* * * LOW HITPOINT WARNING * * *
You miss the adder. You claw the adder.
You kill the adder!
Trog accepts your kill. The gnoll completely misses you.
The gnoll sergeant hits you with a +2 spear of freezing!
* * * LOW HITPOINT WARNING * * *
The gnoll sergeant freezes you.
* * * LOW HITPOINT WARNING * * *
The gnoll barely misses you.
Things that are here:
a +0 mace; a +0 whip; a gnoll corpse You mangle the gnoll sergeant!!
The gnoll sergeant is almost dead.
The gnoll hits you from afar with a +0 spear!
You die...

###### #>...
#.#.#########...
#.....[@gg......
###.####gg#.....
######.###.g#......
#..........##......
#.#######..# .....
#.# #.## ..... #.#
#. .... #.# #. ....
#.#


You could see a gnoll sergeant and 4 gnolls.

Vanquished Creatures
  A gargoyle (D:5)
  Pargi (D:3)
  A black bear (D:5)
  An ogre (D:4)
  A kobold brigand (D:4)
  2 scorpions (D:5)
  A hound (D:4)
  An iguana (D:5)
  A gnoll (D:5)
  12 adders
  3 river rats (Sewer)
  A white imp (D:5)
  4 worms
  A dart slug (D:1)
  5 orcs
  4 bats
  5 endoplasms
  2 giant cockroaches
  10 hobgoblins
  7 jackals
  7 kobolds
  2 quokkas
  11 ball pythons
  4 frilled lizards
  6 goblins
  6 rats
100 creatures vanquished.

Vanquished Creatures (others)
  13 plants (Sewer)
13 creatures vanquished.

Grand Total: 113 creatures vanquished

Notes
Turn   | Place    | Note
-------+----------+-------------------------------------------
     0 | D:1      | kevlar127 the Troll Berserker began the quest for the Orb.
     0 | D:1      | Reached XP level 1. HP: 22/22 MP: 0/0
    74 | D:1      | Reached XP level 2. HP: 29/29 MP: 1/1
   772 | D:2      | Reached XP level 3. HP: 32/36 MP: 2/2
  1082 | D:2      | Found a sacrificial altar of Ru.
  1235 | D:3      | Noticed Pargi
  1246 | D:3      | Killed Pargi
  1247 | D:3      | Reached skill level 4 in Unarmed Combat
  1247 | D:3      | Reached XP level 4. HP: 5/46 MP: 3/3
  1247 | D:3      | Reached XP level 5. HP: 5/53 MP: 4/4
  1713 | D:3      | Found an ornate altar of the Wu Jian Council.
  1879 | D:3      | Reached ** piety under Trog
  1884 | D:3      | You fall into a shaft and drop 2 floors!
  1884 | D:5      | Entered Level 5 of the Dungeon
  1884 | D:5      | Found a broken altar of Ashenzari.
  2123 | D:5      | Noticed a black bear
  2136 | D:5      | Killed a black bear
  2439 | D:4      | Reached skill level 1 in Throwing
  2439 | D:4      | Reached XP level 6. HP: 60/62 MP: 5/5
  2464 | D:4      | Found a glowing drain.
  2481 | Sewer    | Entered a sewer
  2494 | Sewer    | Reached skill level 5 in Unarmed Combat
  3403 | D:4      | Reached XP level 7. HP: 25/71 MP: 6/6
  3598 | D:4      | Identified the ring "Taunoace" {rElec rN+ Dex-2 Slay+3
                  | Stlth+}
  3628 | D:4      | Found a glowing silver altar of Zin.
  4438 | D:5      | Noticed a gargoyle
  4450 | D:5      | Reached skill level 5 in Fighting
  4455 | D:5      | Reached skill level 6 in Unarmed Combat
  4457 | D:5      | Killed a gargoyle
  4458 | D:5      | Reached skill level 1 in Evocations
  4458 | D:5      | Reached XP level 8. HP: 16/81 MP: 7/7
  4463 | D:5      | HP: 6/121 [gnoll sergeant/+2 spear of freezing (12)]
  4463 | D:5      | HP: 1/121 [gnoll sergeant/+2 spear of freezing (5)]
  4464 | D:5      | Slain by a gnoll

Illustrated notes

Levels and vault maps discovered:
D:1:      minmay_arrival_doors, layout_basic, chequers_serial_rivers_small_a
D:2:      layout_basic, serial_glass, glass_columns_a, glass_columns_c,
          basic_altar, minmay_tetromino_s2
D:3:      layout_loops_corners, mainiacjoe_overflow_alcove_2, st_stairs_12,
          uniq_pargi
D:4:      layout_basic, mainiacjoe_overflow_alcove_1,
          cheibrodos_sewer_entry_drain, nicolae_ossuary_entry_monument,
          minmay_hedge_maze, solitary_fountain
D:5:      layout_basic, amcnicky_altar_gilded, minmay_manual_moon

Skill      XL: |  1  2  3  4  5  6  7 |
---------------+----------------------+-----
Fighting       | 3 4 5 |  5.4
Dodging        | 3 |  3.0
Unarmed Combat | 4 5 6 |  6.5
Throwing       | 1 2 |  2.9
Evocations     | 1 |  1.1

Action                   |  1- 3 |  4- 6 |  7- 9 || total
-------------------------+-------+-------+-------++-------
Melee: Unarmed           |    74 |   148 |    60 ||   282
       Punch             |       |     3 |     2 ||     5
Invok: Berserk           |     1 |     2 |     1 ||     4
       Trog's Hand       |       |     2 |     1 ||     3
 Stab: Sleeping          |       |       |     2 ||     2
Armor: Animal skin       |    32 |    35 |    17 ||    84
Dodge: Dodged            |    35 |    75 |    30 ||   140

Table legend: (Time is in decaauts)
 A = Elapsed time spent in this place.
 B = Non-inter-level travel time spent in this place.
 C = Inter-level travel time spent in this place.
 D = Time resting spent in this place.
 E = Time spent auto-exploring this place.
 F = Levels seen in this place.
 G = Mean time per level.
                   A        B        C        D        E       F      G
               +--------+--------+--------+--------+--------+-----+--------+
         Total |   4647 |   4481 |    166 |    822 |   2799 |   6 |  774.5 |
       Dungeon |   3702 |   3536 |    166 |    722 |   2267 |   5 |  740.4 |
         Sewer |    944 |    944 |      0 |    100 |    532 |   1 |  944.0 |
               +--------+--------+--------+--------+--------+-----+--------+

Top non-repeatable levels by time:
     D:3: 1095 daAuts
   Sewer: 944 daAuts
     D:5: 749 daAuts
     D:4: 637 daAuts
     D:1: 626 daAuts
     D:2: 594 daAuts
